 Dungeon Crawl Stone Soup version 0.28.0-53-g5a82cb258f (webtiles) character file.

Game seed: 7947502707391500734

353 Descartes the Covert (level 6, -7/30 HPs)
             Began as a Felid Delver on June 4, 2022.
             Was a Priest of Elyvilon.
             Mangled by an ogre
             ... wielding a +0 giant club
              (28 damage)
             ... on level 5 of the Dungeon.
             The game lasted 00:09:25 (6099 turns).

Descartes the Covert (Felid Delver)                 Turns: 6099, Time: 00:09:25

Health: -7/30      AC:  4    Str: 10    XL:     6   Next: 35%
Magic:  7/7        EV: 21    Int:  9    God:    Elyvilon [***...]
Gold:   252        SH:  0    Dex: 18    Spells: 5/5 levels left
                                        Lives:  0   Deaths: 2

rFire   . . .      SeeInvis +     - Unarmed
rCold   . . .      Faith    .   (shield unavailable)
rNeg    . . .      Spirit   .   (armour unavailable)
rPois   .          Reflect  .   (helmet unavailable)
rElec   .          Harm     .   (cloak unavailable)
rCorr   .          Rampage  .   (gloves unavailable)
Will    .....                   (boots unavailable)
Stlth   ++++......              (no amulet)
HPRegen 0.10/turn               (no ring)
MPRegen 0.10/turn               (no ring)

@: quick
A: very small, claws 1, fangs 3, see invisible, speed 1, shaggy fur 2, stealthy
paws, no weapons or thrown items, no armour, multi-lived, iridescent scales 1,
dopey 1, evolution 1
a: Renounce Religion, Purification, Heal Other, Heal Self


You were on level 5 of the Dungeon.
You worshipped Elyvilon.
Elyvilon was most pleased with you.
You visited 2 branches of the dungeon, and saw 6 of its levels.

You collected 252 gold pieces.

Inventory:

Missiles
 l - 136 stones
Jewellery
 m - a ring of positive energy
Wands
 e - a wand of digging (3)
Scrolls
 a - 2 scrolls of fog
 b - a scroll of magic mapping
 c - a scroll of fear
 f - a scroll of identify {unknown}
 g - 2 scrolls of amnesia {unknown}
 i - 2 scrolls of immolation {unknown}
 j - 2 scrolls of blinking {unknown}
 k - 2 scrolls of teleportation {unknown}
 o - a scroll of summoning {unknown}
Potions
 d - a potion of haste
 h - a potion of magic {unknown}
 n - a potion of curing {unknown}
 p - a potion of attraction {unknown}
 q - a potion of heal wounds {unknown}


   Skills:
 - Level 5.0 Fighting
 + Level 6.6 Dodging
 + Level 9.3 Stealth
 + Level 4.9 Unarmed Combat


You had 5 spell levels left.
You didn't know any spells.
Your spell library contained the following spells:

 Spells                   Type           Power      Damage    Failure   Level
 Gell's Gravitas          Tloc           0%         N/A       77%         3
 Lesser Beckoning         Tloc           0%         N/A       77%         3
 Teleport Other           Tloc           0%         N/A       77%         3


Dungeon Overview and Level Annotations

Branches:
Dungeon (5/15)             Temple (1/1) D:4

Altars:
Ashenzari
Elyvilon
Fedhas
Gozag
Hepliaklqana
Kikubaaqudgha
Qazlal
Ru
Sif Muna
Trog
Uskayaw
Vehumet
Wu Jian
Xom
Yredelemnul
Zin
The Shining One

Shops:
D:4 =


Innate Abilities, Weirdness & Mutations

You have sharp claws.
You have razor-sharp teeth.
You have supernaturally acute eyesight. (SInv)
You cover ground quickly. (Speed+)
You are covered in thick fur. (AC +2)
Your paws help you pounce on unaware monsters.
You are incapable of wielding weapons or throwing items.
You cannot wear armour.
You gain extra lives every three experience levels.
You are partially covered in iridescent scales. (AC +2)
You are dopey. (Int -2)
You have hidden genetic potential.


Message History

You scratch the ogre.
The ogre is moderately wounded.
The ogre closely misses you.
You claw the ogre!
The ogre is severely wounded.
The ogre hits you with a +0 giant club!!
Ouch! That really hurt!
You die...
You are now level 6!
You rejoin the land of the living...
No target in view!
No target in view!
No target in view!
Unknown command.
No target in view!
Found a short sword.
The hound skeleton completely misses you.
The bullfrog skeleton hits you.
You claw the bullfrog skeleton!
You destroy the bullfrog skeleton!
The hound skeleton completely misses you.
You claw the hound skeleton!
You bite the hound skeleton, but do no damage.
The hound skeleton is heavily damaged.
The hound skeleton misses you.
You barely miss the hound skeleton. You bite the hound skeleton.
The hound skeleton is heavily damaged.
The hound skeleton bites you. The necrophage hits you.
The hound skeleton completely misses you.
You scratch the hound skeleton.
The hound skeleton is severely damaged.
The necrophage hits you but does no damage.
You scratch the ogre but do no damage.
The ogre is heavily wounded.
The necrophage barely misses you.
You claw the ogre!
The ogre is almost dead.
The ogre hits you with a +0 giant club!!
Ouch! That really hurt!
You die...

.'........# #.# .#...
##........# #.# #.....
#........# #†# .....#
#........####.###....#.
#........##.[..........
###########......[..#...
#.............#
#...nOZ.....#. .
#..".@...#...#.#
#..........#..#.
#..............#
###............
##......#.#####
....###+........## ###.
#........#.) ..
#....#..#.# ###
#..#...#.##


You could see an ogre, a necrophage and a hound skeleton.

Vanquished Creatures
  A water moccasin (D:4)
  An ogre (D:4)
  A bullfrog (D:4)
  2 scorpions (D:4)
  A water moccasin skeleton (D:4)
  A bullfrog skeleton (D:5)
  3 hounds
  A jelly (D:4)
  A gnoll shaman (D:4)
  An orc priest (D:4)
  3 orc wizards
  A hound zombie (D:5)
  4 gnolls (D:4)
  A howler monkey skeleton (D:5)
  6 adders
  A white imp (D:5)
  2 ufetubi
  A worm (D:2)
  3 dart slugs
  13 orcs
  4 bats
  4 endoplasms
  2 giant cockroaches (D:2)
  6 goblins
  5 hobgoblins
  3 quokkas
  3 ball pythons
  2 frilled lizards
  7 kobolds
  4 rats
88 creatures vanquished.

Notes
Turn   | Place    | Note
-------+----------+-------------------------------------------
     0 | D:5      | Descartes the Felid Delver began the quest for the Orb.
     0 | D:5      | Reached XP level 1. HP: 10/10 MP: 2/2
   283 | D:5      | Noticed a jelly
   310 | D:5      | Reached XP level 2. HP: 10/14 MP: 3/3
   575 | D:5      | Reached skill level 7 in Stealth
   575 | D:5      | Reached XP level 3. HP: 17/17 MP: 4/4
   578 | D:5      | Noticed a scorpion
   706 | D:4      | Found a staircase to the Ecumenical Temple.
   724 | Temple   | Entered the Ecumenical Temple
   956 | Temple   | Became a worshipper of Elyvilon the Healer
  1040 | D:4      | Found an opulent altar of Gozag.
  1041 | D:4      | Found an ancient bone altar of Kikubaaqudgha.
  1051 | D:4      | Reached XP level 4. HP: 16/21 MP: 5/5
  1051 | D:4      | Noticed a water moccasin
  1073 | D:4      | Killed a water moccasin
  1074 | D:4      | Reached XP level 5. HP: 14/25 MP: 6/6
  1077 | D:4      | Gained mutation: You are agile. (Dex +2) [potion of
                  | mutation]
  1084 | D:4      | HP: 1/25 [poisoned by a water moccasin]
  1927 | D:2      | Reached * piety under Elyvilon
  2216 | D:2      | Found a faded altar of an unknown god.
  2905 | D:1      | Reached ** piety under Elyvilon
  3002 | D:1      | Gained mutation: You are covered in thick fur. (AC +2)
                  | [Felid growth]
  3002 | D:1      | Reached XP level 6. HP: 28/28 MP: 7/7
  3566 | D:2      | Lost mutation: You are agile. (Dex +2) [potion of mutation]
  3566 | D:2      | Gained mutation: You are dopey. (Int -2) [potion of
                  | mutation]
  3566 | D:2      | Gained mutation: You have hidden genetic potential. [potion
                  | of mutation]
  3638 | D:2      | Reached skill level 8 in Stealth
  4009 | D:3      | Identified the +5 mace of the Bespelling Wasp {vorpal, rF++
                  | rC- Dex+3 Stlth+}
  4216 | D:3      | Reached skill level 5 in Dodging
  4306 | D:3      | Found a radiant altar of Vehumet.
  4330 | D:3      | Found a shimmering blue altar of Sif Muna.
  4333 | D:3      | Found a sacrificial altar of Ru.
  4574 | D:4      | Reached *** piety under Elyvilon
  4736 | D:4      | Reached XP level 7. HP: 12/33 MP: 8/8
  4760 | D:4      | Gained mutation: You are partially covered in iridescent
                  | scales. (AC +2) [hidden potential]
  4767 | D:4      | Slain by a gnoll
  4768 | D:4      | Reached XP level 6. HP: -5/29 MP: 7/7
  4987 | D:4      | Reached skill level 5 in Fighting
  5414 | D:4      | Found Ganiatt's Jewellery Emporium.
  5482 | D:4      | Reached skill level 9 in Stealth
  5557 | D:4      | Reached XP level 7. HP: 14/33 MP: 8/8
  6080 | D:5      | Mangled by an ogre
  6081 | D:5      | Reached XP level 6. HP: -8/30 MP: 7/7
  6099 | D:5      | Mangled by an ogre

Illustrated notes

Levels and vault maps discovered:
D:1:      dpeg_arrival_erosion, layout_basic
D:2:      layout_basic, shapermc_ecumenical_altar_mp_vishouse
D:3:      minmay_recursive_quarters, layout_rooms,
          nicolae_overflow_hidden_temple
D:4:      cheibrodos_helix_gallery, layout_basic,
          mainiacjoe_overflow_divided_tiny,
          minmay_temple_entry_statues_fountains, serial_shops,
          nicolae_stop_n_shop_1
D:5:      layout_basic, minmay_increasing_density
Temple:   minmay_temple_bridge_abc

Skill      XL: |  1  2  3  4  5  6 |
---------------+-------------------+-----
Dodging        | 3 4 6 |  6.6
Stealth        | 7 9 |  9.3
Fighting       | 4 5 |  5.0
Unarmed Combat | 3 4 |  4.9

Action                   |  1- 3 |  4- 6 |  7- 9 || total
-------------------------+-------+-------+-------++-------
Melee: Unarmed           |    28 |   238 |    48 ||   314
       Bite              |     2 |    15 |     7 ||    24
       Punch             |       |     7 |     1 ||     8
  Use: Potion            |       |     3 |       ||     3
 Stab: Sleeping          |     1 |    22 |     1 ||    24
       Distracted        |     1 |     1 |       ||     2
Armor: Skin              |       |    12 |     3 ||    15
Dodge: Dodged            |    22 |   162 |    41 ||   225
